 Dungeon Crawl Stone Soup version 0.23-a0-405-g368ce007a8 (webtiles) character file.

156 Nixze the Firebug (level 5, -1/38 HPs)
             Began as a Draconian Fire Elementalist on Nov 6, 2018.
             Slain by an orc
             ... wielding a +0 hand axe
              (2 damage)
             ... on level 4 of the Dungeon.
             The game lasted 00:08:31 (3783 turns).

Nixze the Firebug (Draconian Fire Elementalist)     Turns: 3783, Time: 00:08:31

Health: -1/38      AC:  6    Str: 11    XL:     5   Next: 15%
Magic:  1/9        EV: 12    Int: 16    God:
Gold:   92         SH:  0    Dex: 11    Spells: 4/10 levels left

rFire    . . .     SeeInvis .   p - staff of poison
rCold    . . .     Gourm    .   (no shield)
rNeg     . . .     Faith    .   (armour unavailable)
rPois    +         Spirit   .   (helmet restricted)
rElec    .         Reflect  .   (no cloak)
rCorr    .         Harm     .   (no gloves)
MR       .....     Rnd*Tele +   j - +0 pair of boots
Stlth    +.........             (no amulet)
HPRegen  0.12/turn              n - ring of teleportation (curse)
MPRegen  0.11/turn              f - ring of attention (curse)

@: slowed, very slow
A: unfitting armour, cold-blooded, AC +5
a: no special abilities


You were on level 4 of the Dungeon.
You were hungry.

You visited 1 branch of the dungeon, and saw 4 of its levels.

You collected 92 gold pieces.

Inventory:

Hand Weapons
 a - a +0 blowgun
 b - a +2 dagger of venom
Missiles
 o - 3 curare-tipped needles
Armour
 j - a +0 pair of boots (worn)
Magical Staves
 p - an uncursed staff of poison (weapon)
Jewellery
 f - a cursed ring of attention (right hand)
 n - a cursed ring of teleportation (left hand)
Scrolls
 c - a scroll of teleportation
 g - a scroll of magic mapping
 h - 2 scrolls of identify
Potions
 d - a potion of brilliance {unknown}
 e - 2 potions of curing
 i - 2 potions of mutation {unknown}
 k - 2 potions of haste {unknown}
 l - a potion of ambrosia {unknown}
 q - a potion of berserk rage {unknown}
Comestibles
 m - 10 rations


   Skills:
 - Level 1.7 Dodging
 - Level 1.7 Stealth
 + Level 3.2 Spellcasting
 + Level 2.9 Conjurations
 + Level 4.1 Fire Magic


You had 4 spell levels left.
You knew the following spells:

 Your Spells              Type           Power        Failure   Level  Hunger
a - Flame Tongue          Conj/Fire      ##...        4%          1    None
b - Throw Flame           Conj/Fire      ##....       6%          2    ##.....
c - Conjure Flame         Conj/Fire      ##......     13%         3    ###....

Your spell library contained the following spells:

 Spells                   Type           Power        Failure   Level  Hunger
 Inner Flame              Hex/Fire       #.......     24%         3    ###....
 Sticky Flame             Conj/Fire      ##......     38%         4    ####...
 Fireball                 Conj/Fire      ##........   75%         5    ######.


Dungeon Overview and Level Annotations

Branches:
Dungeon (4/15)
 Temple: D:4-7

Altars:
Fedhas
Ru
Trog
Uskayaw

Annotations:
D:4 3 runed doors, exclusion: 3 doors, motoroller71's ghost, amateur GnGl


Innate Abilities, Weirdness & Mutations

Your plain brown scales are hard. (AC +5)
You cannot fit into any form of body armour.
You are cold-blooded and may be slowed by cold attacks.


Message History

The orc wizard casts a spell.
The orc wizard blinks!
The orc wizard hits you with a +0 dagger.
* * * LOW HITPOINT WARNING * * *
The orc hits you with a +0 hand axe.
* * * LOW HITPOINT WARNING * * *
The orc wizard barely misses you.
You barely miss the orc wizard.
The orc wizard is almost dead.
The orc wizard hits you with a +0 dagger.
* * * LOW HITPOINT WARNING * * *
The orc hits you but does no damage.
The orc wizard hits you but does no damage.
The orc closely misses you.
The orc wizard hits you but does no damage.
You barely miss the orc wizard.
The orc wizard is almost dead.
The orc wizard hits you but does no damage.
The orc hits you with a +0 hand axe.
You die...

### #########
##.###.....<..
##.#.##.#######
#.###...# ##.#.####
##.## #.#
#######.##
#)@o.....##########
#o###.##........>..
#.# #.##..#####....
###.#
#.##.>.........
#...#
#.#...#####.###
#.###
#.#..........##
#ยง#
#.#........(... #)#
#.#...######.#. #.#
#.#...# #.##


You could see an orc wizard and an orc.

Vanquished Creatures
  An orc wizard (D:4)
  Terence (D:3)
  3 adders (D:3)
  An ooze (D:2)
  An adder skeleton (D:4)
  A worm (D:2)
  2 dart slugs
  2 leopard geckos (D:3)
  2 orcs (D:4)
  5 giant cockroaches
  2 goblins
  7 hobgoblins
  3 jackals (D:3)
  A quokka (D:3)
  A ball python (D:2)
  7 bats
  3 frilled lizards
  9 kobolds
  9 rats
61 creatures vanquished.

Vanquished Creatures (others)
  2 fungi (D:4)
  2 plants (D:4)
4 creatures vanquished.

Grand Total: 65 creatures vanquished

Notes
Turn   | Place    | Note
-------+----------+-------------------------------------------
     0 | D:1      | Nixze the Draconian Fire Elementalist began the quest for
                  | the Orb.
     0 | D:1      | Reached XP level 1. HP: 14/14 MP: 3/3
   542 | D:1      | Reached XP level 2. HP: 20/20 MP: 3/5
  1358 | D:2      | Found a sacrificial altar of Ru.
  1555 | D:2      | Reached XP level 3. HP: 26/26 MP: 3/6
  1559 | D:2      | Learned a level 2 spell: Throw Flame
  1563 | D:2      | Learned a level 3 spell: Conjure Flame
  2026 | D:3      | Found a blossoming altar of Fedhas.
  2191 | D:3      | Noticed Terence
  2634 | D:3      | Reached XP level 4. HP: 33/33 MP: 2/8
  2959 | D:3      | Found a bloodstained altar of Trog.
  3295 | D:3      | Killed Terence
  3295 | D:3      | Reached skill level 4 in Fire Magic
  3572 | D:4      | Found a hide-covered altar of Uskayaw.
  3594 | D:4      | Found a runed gate.
  3594 | D:4      | Found a runed gate.
  3595 | D:4      | Noticed motoroller71's ghost (amateur GnGl)
  3596 | D:4      | Found a runed gate.
  3631 | D:4      | Noticed a big kobold
  3759 | D:4      | Reached XP level 5. HP: 24/38 MP: 0/9
  3782 | D:4      | HP: 1/38 [orc wizard/+0 dagger (4)]
  3783 | D:4      | Slain by an orc

Vault maps used:
D:1:      wheals_arrival_shading, minmay_heptomino_l4
D:2:      nicolae_ru_sacrificial_ziggurat
D:3:      lemuel_doored_altar, first_ration, fedhas_altar_1, uniq_terence
D:4:      lemuel_crystal_altar, lemuel_round_altar,
          gammafunk_ghost_nasty_kobolds

Skill      XL: |  1  2  3  4 |
---------------+-------------+-----
Conjurations   | 2 |  2.9
Spellcasting   | 3 |  3.2
Fire Magic     | 4 |  4.1
Dodging        | |  1.7
Stealth        | |  1.7

Action                   |  1- 3 |  4- 6 || total
-------------------------+-------+-------++-------
Melee: Dagger            |    11 |     3 ||    14
       Staff             |       |    17 ||    17
       Tailslap          |       |     4 ||     4
 Fire: Blowgun           |       |     3 ||     3
 Cast: Flame Tongue      |    66 |    45 ||   111
       Throw Flame       |     7 |     6 ||    13
       Conjure Flame     |       |     2 ||     2
  Use: Scroll            |     8 |     1 ||     9
  Eat: Chunk             |     6 |     4 ||    10
Armor: Skin              |    11 |    26 ||    37
Dodge: Dodged            |    28 |    34 ||    62

Table legend:
 A = Non-vault XP
 B = Vault XP
 C = Vault XP percentage of total XP
 D = Non-vault monster count
 E = Vault monster count
 F = Vault count percentage of total count
                 A         B        C        D         E       F
            +---------+---------+-------+---------+---------+-------
      Total |     184 |      40 |  17.9 |      58 |       3 |   4.9
            +---------+---------+-------+---------+---------+-------
        D:1 |      26 |       4 |  13.3 |      19 |       2 |   9.5
        D:2 |      28 |       0 |   0.0 |      11 |       0 |   0.0
        D:3 |      74 |      36 |  32.7 |      21 |       1 |   4.5
        D:4 |      56 |       0 |   0.0 |       7 |       0 |   0.0
            +---------+---------+-------+---------+---------+-------
